[Event "Klubbmästerskap 2025 Hängrond"]
[Site "Linköping, Sweden"]
[Date "2025.02.18"]
[Round "2.1"]
[White "Nyberg, Peter"]
[Black "Grundel, Sam"]
[Result "0-1"]
[TimeControl "90 min + 30 sec/move"]
[WhiteElo "1972"]
[BlackElo "2019"]

1. c4 c6 2. e4 d5 3. exd5 cxd5 4. cxd5 Nf6 5. Nc3 g6 6. Bc4 Bg7 7. Nge2 O-O 8. O-O Na6 9. d3 Nc7 10.
Nf4 b6 11. Re1 Bb7 12. Qb3 Qd7 13. Bd2 Rfd8 14. Rad1 Nfxd5 15. Ncxd5 Nxd5 16. Nxd5 Bxd5 17. Bc3 Bxc3 18. bxc3 Bxc4 19.
Qxc4 e6 20. d4 Rac8 21. Qd3 Qa4 22. Qd2 Rd5 23. Re3 Ra5 24. Rh3 h5 25. Re1 Qxa2 26. Qe3 Rf5 27. f4 a5 28. Rf3 b5 29.
h3 h4 30. g4 hxg3 31. Rxg3 b4 32. cxb4 axb4 33. Re2 Qd5 34. Qd2 b3 35. Re5 Rxe5 36. fxe5 Rc2 37. Qb4 b2 0-1

[Event "Klubbmästerskap 2025 Hängrond"]
[Site "Linköping, Sweden"]
[Date "2025.02.18"]
[Round "2.2"]
[White "Westerberg, Hampus"]
[Black "Nagy, Mate 2009"]
[Result "1/2-1/2"]
[TimeControl "90 min + 30 sec/move"]
[WhiteElo "1851"]
[BlackElo "1917"]

1. e4 c5 2. c3 Nf6 3. e5 Nd5 4. Nf3 Nc6 5. Bc4 e6 6. O-O d6 7. d4 cxd4 8. cxd4 Be7 9. exd6 Qxd6 10.
Nc3 a6 11. Re1 O-O 12. Bb3 Rd8 13. Nxd5 exd5 14. Be3 Bf6 15. h3 Bf5 16. Qd2 h6 17. a3 a5 18. Bf4 Qd7 19. Ba4 Be4 20.
Ne5 Bxe5 21. dxe5 Qe6 22. f3 Bh7 23. Rac1 Ne7 24. Kh1 d4 25. Rc7 Nd5 26. Rxb7 Qa6 27. Rd7 Qc4 28. Rxd8+ Rxd8 29.
Qxa5 Qc8 30. Bg3 Ne3 31. Bb3 Bf5 32. Bf2 Nc2 33. Rd1 Rd7 34. Bxc2 Qxc2 35. Rxd4 Qc1+ 36. Kh2 Rxd4 37. Bxd4 Qf4+ 38.
Kh1 Qxd4 39. b4 Qd2 40. Qc5 1/2-1/2

[Event "Klubbmästerskap 2025 Hängrond"]
[Site "Linköping, Sweden"]
[Date "2025.02.18"]
[Round "2.3"]
[White "Halvarsson, Peter"]
[Black "Ståhlberg, Adam"]
[Result "1/2-1/2"]
[TimeControl "90 min + 30 sec/move"]
[WhiteElo "1927"]
[BlackElo "1944"]

1. e4 c6 2. d4 d5 3. Nd2 dxe4 4. Nxe4 Nf6 5. Nxf6+ exf6 6. c3 Bd6 7. Bd3 Qc7 8. Ne2 Bg4 9.
h3 Be6 10. Qc2 h5 11. Be3 Nd7 12. c4 Bb4+ 13. Nc3 h4 14. a3 Qa5 15. O-O Bxc3 16. b4 Qh5 17. Qxc3 O-O 18. f4 Bf5 19.
Rae1 Bxd3 20. Qxd3 a5 21. Rf2 axb4 22. axb4 f5 23. Rb2 Rfd8 24. Bf2 Nf8 25. Re5 Ra1+ 26. Rb1 Rxb1+ 27. Qxb1 Ne6 28.
Rxf5 Qg6 29. Qe4 Nc7 30. Re5 Qxe4 31. Rxe4 Kf8 32. Bxh4 f6 33. Bf2 b5 34. cxb5 cxb5 35. f5 Nd5 36. Be1 Ne7 37. g4 Rc8 38.
Bg3 Rd8 39. Bc7 Rd7 40. Bb6 Nc6 41. Bc5+ Kf7 42. Kf2 g6 43. fxg6+ Kxg6 44. Ke3 Rh7 45. Re6 Rxh3+ 46. Kf4 Nd8 47.
Rb6 Kf7 48. Rxb5 Ne6+ 49. Ke4 Rg3 50. d5 Ng5+ 51. Kd4 Rxg4+ 52. Kd3 Rg3+ 53. Ke2 Rg2+ 54. Kf1 Rc2 55. Rb7+ Ke8 56. d6 Rd2 57. b5 Rd5 58. Re7+ Kd8 59.
Bb6+ Kc8 60. Rc7+ Kb8 61. Ba7+ Ka8 62. d7 Ne6 63. b6 f5 64. Rc6 Rxd7 65. Rxe6 Kb7 66. Rf6 Rd5 67. Kf2 Rd8 68.
Rxf5 Re8 69. Kf3 Re1 70. Rf7+ Ka8 71. Rf8+ Kb7 72. Rb8+ Ka6 73. Rd8 Kb7 74. Kf4 Re2 75. Kf5 Re1 76. Kf6 Rf1+ 77. Ke5 Re1+ 78. Kf4 Re7 79.
Rd5 Re1 80. Re5 Rf1+ 81. Ke4 Rd1 82. Rd5 Re1+ 83. Kd4 Re7 84. Kc5 Rh7 85. Re5 Rh1 86. Re7+ Ka8 87. Re6 Kb7 88. Kd6 Rd1+ 89.
Ke7 Rh1 90. Kd8 Rd1+ 91. Ke8 Rh1 92. Kd7 Rd1 93. Rd6 Rh1 94. Rd5 Rh7 95. Kd6 Rh1 96. Rd4 Rh6+ 97. Kc5 Rh7 98. Rd5 Rg7 99.
Bb8 Kxb8 100. Kc6 Rg8 101. Rd7 Rg6+ 102. Rd6 Rxd6+ 103. Kxd6 Kb7 104. Kc5 Kb8 105. Kc6 Kc8 106. b7+ Kb8 107.
Kb6 1/2-1/2

[Event "Klubbmästerskap 2025 Hängrond"]
[Site "Linköping, Sweden"]
[Date "2025.02.18"]
[Round "2.4"]
[White "Pettersson, Börje"]
[Black "Andersson, Stefan 1975"]
[Result "1-0"]
[TimeControl "90 min + 30 sec/move"]
[WhiteElo "1906"]
[BlackElo "1937"]

1. e4 e5 2. Nf3 Nc6 3. Bb5 a6 4. Bxc6 dxc6 5. O-O Bg4 6. h3 Bh5 7. g4 Bg6 8. Nxe5 Qh4 9. Qf3 f6 10.
Nxg6 hxg6 11. Kg2 g5 12. Rh1 Ne7 13. d3 O-O-O 14. Be3 Qh7 15. Nd2 Ng6 16. Qf5+ Kb8 17. Kf1 Bd6 18. Nc4 Bf4 19.
a4 Qh6 20. b4 Be5 21. Nxe5 Nxe5 22. b5 g6 23. Qxf6 Nxg4 24. Qxg5 Qg7 25. Rb1 Nxe3+ 26. Qxe3 cxb5 27. axb5 a5 28.
b6 Qe5 29. Ke2 c6 30. Qg3 Rhe8 31. Ra1 Kc8 32. Rxa5 c5 33. Qxe5 Rxe5 34. f4 Rh5 35. f5 gxf5 36. Rxc5+ Kb8 37.
Rxf5 Rh6 38. Rb5 Rg8 39. Rh2 Kc8 40. c4 Rg1 41. Rc5+ Kb8 42. Rb5 Ra1 43. Rb2 Kc8 44. h4 Kd7 45.
h5 Kc6 46. Ke3 Re1+ 47. Kd4 Rd6+ 48. Kc3 Rh6 49. Rbg2 Rc1+ 50. Kb2 Rd1 51. Rg6+ Rxg6 52. hxg6 Rg1 53. Rh6 Kd6 54. Kc3 Ke5 55.
Rh7 Rxg6 56. Rxb7 Kd6 57. Rc7 Rg3 58. Kd4 Rg8 59. c5+ Ke6 60. Rc6+ Kd7 61. Rd6+ Kc8 62. c6 Rg3 63. Rd7 Rg8 64.
b7+ Kb8 65. c7+ Ka7 66. b8=Q+ 1-0

[Event "Klubbmästerskap 2025 Hängrond"]
[Site "Linköping, Sweden"]
[Date "2025.02.18"]
[Round "2.5"]
[White "Karlsson, Henrik 1974"]
[Black "Garner, Mårten"]
[Result "1/2-1/2"]
[TimeControl "90 min + 30 sec/move"]
[WhiteElo "1804"]
[BlackElo "1841"]

1. e4 c5 2. Nf3 e6 3. d4 cxd4 4. Nxd4 Nc6 5. f4 Qc7 6. Nc3 a6 7. g3 Be7 8. Be3 b5 9. a3 Bb7 10.
Bd3 Nf6 11. Qf3 h5 12. Nb3 d6 13. h3 Rc8 14. Kd2 Nd7 15. g4 Nc5 16. Rac1 g6 17. Rhf1 Qd7 18. Qf2 Nxb3+ 19. cxb3 Na5 20.
Bc2 hxg4 21. f5 gxf5 22. exf5 gxh3 23. fxe6 Qxe6 24. Bf5 Nxb3+ 25. Kc2 Qc4 26. Bxc8 Be4+ 27. Kd1 Nxc1 28. Bxa6 Bc6 29.
Nxb5 Bxb5 30. Bxb5+ Qxb5 31. Qxf7+ Kd7 32. Kxc1 h2 33. Rh1 Qc6+ 34. Kd2 Qxh1 35. Qf5+ Kc7 36. Qa5+ Kd7 37. Qf5+ Kc7 38.
Qa5+ Kd7 1/2-1/2